 Dungeon Crawl Stone Soup version 0.29.1-13-g9f3cf754e1 (webtiles) character file.

Game seed: 64002259597944780

70 theswoord the Twirler (level 4, -1/33 HPs)
             Began as a Demonspawn Gladiator on Jan 22, 2023.
             Slain by a river rat (3 damage)
             ... on level 3 of the Dungeon.
             The game lasted 00:03:26 (2356 turns).

theswoord the Twirler (Demonspawn Gladiator)        Turns: 2356, Time: 00:03:27

Health: -1/33      AC:  6    Str: 16    XL:     4   Next: 3%
Magic:  4/4        EV: 12    Int: 10    God:
Gold:   1288       SH:  0    Dex: 18    Spells: 3/3 levels left

rFire   . . .      SeeInvis .   a - +0 quarterstaff
rCold   . . .      Faith    .   (shield currently unavailable)
rNeg    . . .      Spirit   .   b - +0 leather armour
rPois   .          Reflect  .   n - +1 helmet
rElec   .          Harm     .   o - +0 cloak
rCorr   .          Rampage  .   (no gloves)
Will    +....                   (no boots)
Stlth   +++.......              (no amulet)
HPRegen 0.11/turn               q - ring of willpower
MPRegen 0.09/turn               (no ring)

@: no status effects
A: thin skeletal structure 2, powered by death 1
a: no special abilities


You were on level 3 of the Dungeon.
You visited 1 branch of the dungeon, and saw 3 of its levels.

You collected 1288 gold pieces.

Inventory:

Hand Weapons
 a - a +0 quarterstaff (weapon)
Missiles
 d - 3 throwing nets (quivered)
 e - a javelin
Armour
 b - a +0 leather armour (worn)
 c - a +0 helmet
 n - a +1 helmet (worn)
 o - a +0 cloak (worn)
 p - the +1 kite shield of Egalitarianism {+Inv Will++ Dex+4}
   (You found it on level 2 of the Dungeon)

   Dex:       It affects your dexterity (+4).
   +Inv:      It lets you turn invisible.
   Will:      It greatly increases your willpower.
Jewellery
 q - a ring of willpower (left hand)
Wands
 m - a wand of charming (10)
Scrolls
 h - 2 scrolls of magic mapping
 k - a scroll of summoning {unknown}
 s - a scroll of enchant weapon {unknown}
Potions
 i - a potion of might
 j - a potion of berserk rage
 l - 2 potions of heal wounds
 r - a potion of curing {unknown}


   Skills:
 - Level 2.0 Fighting
 + Level 4.5 Staves
 - Level 1.7 Throwing
 - Level 2.6 Dodging


You had 3 spell levels left.
You didn't know any spells.
Your spell library was empty.

Dungeon Overview and Level Annotations

Branches:
Dungeon (3/15)

Altars:

Portals:
Sewer: D:3


Innate Abilities, Weirdness & Mutations

You have a moderately thin skeletal structure. (Dex +4, Stealth++)
You regenerate a little health from kills.


Message History

Your bones become somewhat less dense.
Things that are here:
a river rat corpse; a ball python corpse
Found a glowing drain.
A rat comes into view.
A river rat comes into view. 2 river rats come into view.
You closely miss the rat. The rat bites you.
You sock the rat!
You kill the rat!
You enter the shallow water.
Moving in this stuff is going to be slow.
The river rat closely misses you. The river rat barely misses you.
The river rat bites you. x2
You closely miss the river rat.
The river rat bites you but does no damage.
The river rat closely misses you.
You closely miss the river rat.
The river rat bites you but does no damage.
The river rat closely misses you. The river rat barely misses you.
You closely miss the river rat. The river rat closely misses you.
The river rat barely misses you. The river rat bites you.
* * * LOW HITPOINT WARNING * * *
You hit the river rat.
The river rat is moderately wounded.
The river rat bites you but does no damage.
The river rat misses you. The river rat bites you.
* * * LOW HITPOINT WARNING * * *
You hit the river rat.
The river rat is almost dead.
The river rat barely misses you.
The river rat bites you but does no damage. x2
The river rat attacks as you move away! The river rat bites you.
* * * LOW HITPOINT WARNING * * *
The river rat bites you.
* * * LOW HITPOINT WARNING * * *
The river rat attacks as you move away! The river rat bites you.
* * * LOW HITPOINT WARNING * * *
The river rat attacks as you move away! The river rat bites you.
You die...

*,* *####...~~~...# *,*
***,*** *,.....~~~~~..# *,*
*,,,,,* *,**#..~~∩~~..#***,*
*,,,,,**#.###..~~~~~...,,,,*
*,,,,,,,........~~~...#*****
*,,,,,**#.###†........#
*,,,,,* *,* #..rr.....#
******* *,* ##.r###..##
#.####.@....## #.......#####
######.## **#######.#
*,........#
*,######.†#######**** *,*
##.).......,,,*****
*******,**
#.....###..,,,,,,,***
,,,,,*,,,* ##.).##
*,***,,,,,,,,


You could see 3 river rats.

Vanquished Creatures
  2 adders (D:2)
  A river rat (D:3)
  A worm (D:2)
  A dart slug (D:1)
  An orc (D:2)
  A bat (D:3)
  5 endoplasms
  5 goblins
  2 hobgoblins
  A quokka (D:2)
  7 ball pythons
  A frilled lizard (D:1)
  5 kobolds
  6 rats
39 creatures vanquished.

Notes
Turn   | Place    | Note
-------+----------+-------------------------------------------
     0 | D:1      | theswoord the Demonspawn Gladiator began the quest for the
                  | Orb.
     0 | D:1      | Reached XP level 1. HP: 16/16 MP: 1/1
   598 | D:1      | Reached skill level 3 in Staves
   730 | D:1      | Gained mutation: You regenerate a little health from kills.
                  | [demonic ancestry]
   730 | D:1      | Reached XP level 2. HP: 15/22 MP: 2/2
  1360 | D:2      | Gained mutation: You have a somewhat thin skeletal
                  | structure. (Dex +2, Stealth+) [demonic ancestry]
  1360 | D:2      | Reached XP level 3. HP: 26/27 MP: 3/3
  1655 | D:2      | Reached skill level 4 in Staves
  1695 | D:2      | Identified the +1 kite shield of Egalitarianism {+Inv
                  | Will++ Dex+4}
  2280 | D:3      | Identified a scroll of acquirement
  2280 | D:3      | Acquired 1189 gold pieces
  2333 | D:3      | Gained mutation: You have a moderately thin skeletal
                  | structure. (Dex +4, Stealth++) [demonic ancestry]
  2333 | D:3      | Reached XP level 4. HP: 22/33 MP: 4/4
  2337 | D:3      | Found a glowing drain.
  2356 | D:3      | Slain by a river rat

Skill      XL: |  1  2  3 |
---------------+----------+-----
Staves         | 3 4 |  4.5
Fighting       | |  2.0
Throwing       | |  1.7
Dodging        | |  2.6

Action                   |  1- 3 |  4- 6 || total
-------------------------+-------+-------++-------
Melee: Quarterstaff      |   100 |     7 ||   107
  Use: Scroll            |     5 |       ||     5
 Stab: Sleeping          |     8 |       ||     8
Armor: Leather armour    |    31 |     5 ||    36
Dodge: Dodged            |    55 |     9 ||    64

Levels and vault maps discovered:
D:1:      ncdulo_halloftheorcs, layout_basic
D:2:      layout_loops_ring, minmay_crystal_room, minmay_increasing_density
D:3:      layout_loops_corners, mainiacjoe_overflow_paths, portal_sewer_entry_a,
          uniq_jessica
